Map: [ESL] Goldenaura

Players

Scarlett - Winner!

  • Race: Zerg Zerg
  • Spawn Location: 5:00

Astrea

  • Race: Protoss Protoss
  • Spawn Location: 12:00

Event: ESL SC2 Masters 2024 Spring (Regional)

VOD

Have the link to the VOD?

Description

Time

  • Played on: May 5, 2024, 11:43 a.m.
  • Length: 10:11

All games in this series

Show
View Real Time Build Order
Export as new Build Order

Scarlett Zerg - Winner!

Build Orders: Hatch First, Roach Hydra 

Get SALT Encoding   

  12  0:00  Drone  
  13  0:13  Overlord  
  13  0:17  Drone  
  14  0:32  Drone x2  
  16  0:47  Hatchery  
  15  0:51  Drone  
  15  0:54  Drone  
  17  0:58  Drone  
  18  1:08  Extractor  
  17  1:12  Spawning Pool  
  17  1:16  Drone  
  17  1:21  Drone  
  18  1:30  Drone  
  19  1:40  Drone  
  20  1:50  Drone  
  21  1:59  Queen x2  
  21  2:00  Zergling x2  
  26  2:01  Overlord  
  26  2:10  Drone  
  26  2:12  Metabolic Boost  
  26  2:14  Drone  
  28  2:20  Drone  
  29  2:23  Drone  
  30  2:34  Hatchery  
  29  2:39  Queen  
  29  2:43  Drone  
  32  2:44  Drone  
  32  2:47  Overlord  
  33  2:53  Zergling x2, Drone  
  35  3:06  Drone  
  35  3:07  Drone x4  
  35  3:10  Queen  
  42  3:17  Queen  
  42  3:19  Overlord  
  44  3:32  Overlord  
  44  3:38  Drone x2  
  44  3:39  Drone  
  44  3:40  Drone  
  48  3:43  Drone x3  
  48  3:45  Spore Crawler  
  48  3:46  Queen  
  52  3:49  Drone x3  
  52  3:53  Zergling x6  
  58  4:06  Overlord  
  58  4:08  Zergling x6  
  61  4:14  Zergling x2, Roach Warren  
  60  4:20  Zergling x10  
  65  4:25  Overlord  
  65  4:26  Zergling x4  
  67  4:33  Spore Crawler  
  67  4:34  Overlord  
  67  4:36  Drone x2  
  68  4:41  Drone x3  
  71  4:46  Overlord  
  71  4:56  Drone x10  
  71  4:58  Drone  
  78  5:07  Hatchery  
  75  5:15  Drone x6  
  75  5:17  Lair  
  75  5:18  Extractor x2  
  75  5:19  Drone x2  
  80  5:23  Drone x2  
  80  5:27  Drone x4  
  86  5:34  Overlord  
  86  5:35  Extractor  
  85  5:36  Drone  
  85  5:38  Extractor x2, Drone  
  85  5:40  Evolution Chamber  
  85  5:41  Drone x2  
  86  5:44  Overlord, Drone  
  86  5:45  Roach  
  89  5:51  Roach x3  
  89  5:55  Overlord  
  95  6:00  Drone  
  95  6:01  Roach x4  
  104  6:05  Roach x2  
  104  6:11  Roach  
  109  6:14  Roach  
  109  6:15  Roach x2  
  109  6:18  Roach x3  
  121  6:23  Ravager  
  121  6:25  Roach x3  
  126  6:32  Hydralisk Den  
  125  6:34  Overlord x2  
  125  6:36  Overseer  
  125  6:37  Drone x2  
  127  6:45  Glial Reconstitution, Zerg Missile Weapons Level 1  
  127  6:51  Overlord  
  127  6:52  Drone  
  127  6:53  Drone x11  
  138  6:56  Drone x3  
  138  6:57  Extractor  
  140  7:02  Muscular Augments  
  140  7:05  Hydralisk  
  140  7:07  Overlord  
  140  7:08  Overlord x2  
  142  7:11  Overlord x3  
  142  7:20  Hydralisk  
  142  7:21  Hydralisk, Hatchery  
  145  7:25  Hydralisk x2  
  149  7:31  Hydralisk  
  149  7:32  Hydralisk x3  
  157  7:39  Hydralisk x4  
  157  7:44  Hydralisk x3  
  171  7:52  Hydralisk x4  
  171  7:53  Extractor  
  171  7:56  Hydralisk x3  
  184  7:59  Roach x2  
  188  8:06  Grooved Spines  
  188  8:08  Roach x3  
  200  8:25  Ravager x4  
  178  8:48  Hydralisk x6  
  178  8:49  Zergling x20  
  191  8:57  Hydralisk x5  
  191  9:02  Spine Crawler  
  186  9:16  Hydralisk x10  
  173  9:33  Hydralisk x11  
  173  9:34  Zergling x12  
  173  9:37  Hydralisk, Zergling x2  
  185  9:44  Hydralisk x3  
  191  9:51  Overseer  
Show
View Real Time Build Order
Export as new Build Order

Astrea Protoss 

Build Orders: 1 Gate Expand, Oracle Opening, Chargelot Immortal 

Get SALT Encoding   

  12  0:00  Probe  
  13  0:12  Probe  
  14  0:18  Pylon  
  14  0:24  Probe (Chrono Boost)  
  15  0:36  Probe (Chrono Boost)  
  15  0:38  Gateway  
  16  0:45  Probe (Chrono Boost)  
  16  0:46  Assimilator  
  17  0:51  Probe  
  18  1:03  Probe  
  19  1:15  Probe  
  20  1:23  Nexus  
  20  1:27  Probe  
  21  1:36  Cybernetics Core  
  21  1:42  Assimilator  
  21  1:44  Probe  
  22  1:51  Pylon  
  22  1:56  Probe  
  23  2:09  Probe (Chrono Boost)  
  23  2:12  Adept  
  26  2:19  Stargate, Probe (Chrono Boost)  
  27  2:23  Probe (Chrono Boost)  
  27  2:27  Warp Gate  
  28  2:35  Probe x2 (Chrono Boost)  
  30  2:42  Adept  
  33  2:44  Probe (Chrono Boost)  
  33  2:45  Probe (Chrono Boost)  
  33  2:49  Probe (Chrono Boost)  
  33  2:51  Probe  
  36  3:01  Probe  
  36  3:03  Probe  
  42  3:08  Void Ray  
  44  3:13  Probe  
  44  3:17  Probe  
  46  3:26  Probe  
  45  3:27  Nexus  
  45  3:31  Pylon  
  45  3:33  Probe  
  46  3:46  Oracle (Chrono Boost)  
  46  3:49  Probe x2  
  46  3:51  Forge  
  46  3:54  Twilight Council  
  51  4:01  Pylon, Probe x2  
  53  4:12  Gateway  
  53  4:13  Probe  
  54  4:19  Probe  
  54  4:22  Protoss Ground Weapons Level 1 (Chrono Boost), Gateway x2  
  55  4:25  Probe  
  55  4:26  Charge  
  55  4:31  Probe  
  57  4:37  Probe  
  58  4:39  Zealot  
  58  4:43  Probe x2  
  62  4:49  Probe  
  63  4:55  Probe x2  
  61  5:01  Probe  
  61  5:05  Pylon  
  61  5:07  Probe x2  
  61  5:10  Zealot  
  61  5:12  Zealot  
  61  5:13  Probe  
  65  5:15  Pylon x2  
  65  5:19  Probe x2  
  67  5:28  Probe  
  68  5:31  Pylon, Probe  
  68  5:34  Zealot x2  
  73  5:39  Probe  
  73  5:40  Pylon, Probe  
  75  5:45  Probe  
  76  5:51  Probe  
  76  5:53  Zealot x2  
  76  5:54  Zealot  
  76  5:55  Zealot, Nexus  
  85  6:00  Probe  
  86  6:06  Probe x2  
  86  6:07  Robotics Facility  
  86  6:08  Robotics Facility  
  86  6:09  Protoss Ground Weapons Level 2 (Chrono Boost)  
  86  6:11  Photon Cannon  
  88  6:12  Probe  
  88  6:14  Zealot x3  
  88  6:15  Zealot  
  88  6:16  Pylon  
  88  6:18  Probe x2  
  99  6:24  Probe  
  98  6:30  Probe x2  
  98  6:34  Pylon  
  98  6:36  Probe  
  98  6:37  Pylon  
  99  6:41  Blink (Chrono Boost)  
  99  6:42  Probe x2  
  101  6:48  Probe  
  101  6:54  Probe x2  
  101  6:55  Immortal x2 (Chrono Boost)  
  101  7:00  Probe  
  112  7:06  Probe x2  
  112  7:07  Probe  
  115  7:11  Assimilator  
  115  7:12  Assimilator x2  
  115  7:13  Probe  
  115  7:15  Assimilator  
  116  7:16  Assimilator  
  116  7:18  Photon Cannon, Probe  
  116  7:19  Probe  
  116  7:20  Assimilator, Probe  
  119  7:23  Gateway  
  119  7:24  Gateway  
  119  7:27  Gateway x2  
  119  7:31  Zealot x4  
  119  7:32  Immortal (Chrono Boost)  
  119  7:35  Immortal (Chrono Boost)  
  135  7:38  Probe x2  
  135  7:39  Probe  
  135  7:42  Pylon  
  138  7:48  Photon Cannon, Shield Battery  
  138  7:51  Forge  
  138  7:52  Photon Cannon  
  138  7:57  Photon Cannon  
  138  7:58  Shield Battery  
  138  8:04  Templar Archives  
  138  8:07  Observer (Chrono Boost)  
  138  8:08  Immortal (Chrono Boost), Robotics Bay  
  143  8:18  Zealot x2  
  143  8:28  Zealot x2  
  147  8:36  Pylon  
  147  8:38  Immortal (Chrono Boost)  
  147  8:39  Pylon  
  147  8:41  Pylon  
  148  8:42  Zealot, Oracle  
  148  8:44  Immortal (Chrono Boost)  
  148  8:47  Zealot  
  148  8:48  Zealot  
  147  9:01  Zealot  
  143  9:04  Zealot  
  143  9:08  Pylon  
  143  9:09  Disruptor (Chrono Boost)  
  142  9:10  Shield Battery  
  142  9:12  Pylon  
  142  9:13  Shield Battery  
  150  9:19  Zealot x2  
  143  9:30  Zealot  
  130  9:31  Probe  
  130  9:33  Probe x2  
  98  9:45  Zealot  
  97  9:47  Probe  
  97  9:49  Gateway  
  97  9:52  Gateway  
  97  9:54  Zealot  
  97  9:55  Gateway  
  97  9:58  Probe  
  90  10:05  Zealot  
Tags
 
Add a new tag
Caveats
  • Supply blocks, unpowered buildings, or Contaminate may cause inaccurate times.
  • Supply counts are checked every 10 seconds.